General information
- name: BNet
- type: Ladder team game (AT/RT)
- host: Battle.net
- saver: MsY]DOGANDHORSE
map: Slalom
- players: 8
- length: 39:13
- speed: Fast
- version: 1.26 W3XP
- replay type:

» download(366 KB)
Players
team 1 (loser)
CxyAndreas (
teal | 46 APM | 1785 actions | 38:49)
3 Mountain King
2 Thunder Clap
1 Storm Bolt
2 Paladin
1 Devotion Aura
1 Holy Light
» actions
| Assign group hotkey | 14 | |
| Basic commands | 23 | |
| Build / train | 83 | |
| Enter build submenu | 23 | |
| Enter hero's abilities submenu | 5 | |
| Give item / drop item | 1 | |
| Remove unit from queue | 2 | |
| Right click | 1085 | |
| Select / deselect | 343 | |
| Select group hotkey | 145 | |
| Use ability | 61 | |
1785 total
» units
| Peasant | 13 | |
| Footman | 18 | |
| Gryphon Rider | 22 | |
| Dragonhawk Rider | 2 | |
55 total
» upgrades
| Defend | 1 | |
| Lumber Harvesting | 2 | |
| Masonry | 3 | |
| Storm Hammers | 1 | |
| Swords | 1 | |
| Plating | 1 | |
| Cloud | 1 | |
10 total
» buildings
| Barracks | 1 | |
| Altar of Kings | 1 | |
| Farm | 13 | |
| Arcane Vault | 1 | |
| Keep | 1 | |
| Lumber Mill | 1 | |
| Castle | 1 | |
| Gryphon Aviary | 2 | |
| Town Hall | 2 | |
| Blacksmith | 1 | |
| Guard Tower | 1 | |
25 total
» build order
00:05 Barracks
00:07 Altar of Kings
00:09 Farm
02:11 Farm
04:37 Farm
05:21 Arcane Vault
06:06 Farm
06:06 Farm
06:54 Keep
06:59 Lumber Mill
09:33 Castle
09:52 Gryphon Aviary
11:00 Town Hall
13:47 Farm
13:47 Farm
14:34 Farm
16:14 Blacksmith
18:46 Farm
18:47 Farm
18:48 Farm
18:49 Farm
18:50 Farm
19:02 Gryphon Aviary
20:07 Guard Tower
25:15 Town Hall
» items
| Scroll of Regeneration | 3 | |
| Ivory Tower | 3 | |
6 total
CxyRobin (
green | 63 APM | 2464 actions | 39:12)
3 Paladin
2 Devotion Aura
1 Holy Light
1 Mountain King
1 Storm Bolt
» actions
| Assign group hotkey | 32 | |
| Basic commands | 4 | |
| Build / train | 56 | |
| Enter build submenu | 27 | |
| Enter hero's abilities submenu | 4 | |
| Remove unit from queue | 1 | |
| Right click | 1034 | |
| Select / deselect | 352 | |
| Select group hotkey | 915 | |
| Use ability | 39 | |
2464 total
» units
| Peasant | 7 | |
| Footman | 11 | |
| Knight | 20 | |
38 total
» upgrades
| Long Rifles | 0 | |
| Plating | 3 | |
| Swords | 3 | |
| Animal War Training | 1 | |
| Lumber Harvesting | 2 | |
9 total
» buildings
| Altar of Kings | 1 | |
| Barracks | 5 | |
| Farm | 13 | |
| Keep | 1 | |
| Blacksmith | 1 | |
| Castle | 1 | |
| Lumber Mill | 1 | |
| Town Hall | 1 | |
| Scout Tower | 1 | |
25 total
» build order
00:07 Altar of Kings
00:28 Barracks
01:17 Farm
01:37 Farm
02:15 Farm
03:29 Farm
04:07 Keep
06:06 Blacksmith
07:24 Castle
07:33 Lumber Mill
07:48 Farm
10:37 Farm
11:19 Farm
13:51 Farm
15:08 Farm
16:17 Farm
17:40 Farm
18:39 Town Hall
23:37 Farm
25:15 Farm
26:05 Barracks
26:17 Barracks
28:23 Barracks
34:10 Barracks
38:37 Scout Tower
Hamster412 (
pink | 67 APM | 2599 actions | 38:35)
3 Blood Mage
2 Flame Strike
1 Siphon Mana
» actions
| Assign group hotkey | 12 | |
| Basic commands | 14 | |
| Build / train | 68 | |
| ESC pressed | 2 | |
| Enter build submenu | 25 | |
| Enter hero's abilities submenu | 3 | |
| Right click | 1618 | |
| Select / deselect | 574 | |
| Select group hotkey | 239 | |
| Use ability | 41 | |
2599 total
» units
| Peasant | 4 | |
| Footman | 14 | |
| Rifleman | 9 | |
| Mortar Team | 16 | |
43 total
» upgrades
| Masonry | 1 | |
| Lumber Harvesting | 2 | |
| Long Rifles | 1 | |
| Magic Sentry | 1 | |
| Fragmentation Shards | 1 | |
| Gunpowder | 3 | |
| Armor | 2 | |
11 total
» buildings
| Barracks | 1 | |
| Altar of Kings | 1 | |
| Farm | 10 | |
| Blacksmith | 1 | |
| Scout Tower | 10 | |
| Lumber Mill | 1 | |
| Keep | 1 | |
| Arcane Tower | 5 | |
| Castle | 1 | |
| Arcane Sanctum | 1 | |
| Workshop | 1 | |
| Guard Tower | 3 | |
36 total
» build order
00:02 Barracks
00:04 Altar of Kings
00:06 Farm
01:01 Farm
04:46 Farm
05:16 Blacksmith
05:44 Scout Tower
05:45 Scout Tower
05:57 Lumber Mill
06:08 Farm
06:09 Farm
06:26 Scout Tower
09:03 Keep
09:53 Scout Tower
09:56 Scout Tower
10:49 Arcane Tower
12:30 Arcane Tower
13:06 Castle
13:34 Farm
13:36 Farm
15:18 Arcane Sanctum
15:32 Workshop
16:08 Guard Tower
16:10 Guard Tower
18:19 Farm
18:27 Farm
23:25 Farm
24:01 Scout Tower
24:02 Scout Tower
24:03 Scout Tower
24:04 Scout Tower
24:32 Arcane Tower
26:48 Scout Tower
33:46 Arcane Tower
36:42 Arcane Tower
37:50 Guard Tower
Jedi_Slayer (
red | 41 APM | 1616 actions | 39:00)
3 Archmage
2 Blizzard
1 Brilliance Aura
1 Firelord
1 Soul Burn
» actions
| Assign group hotkey | 24 | |
| Basic commands | 14 | |
| Build / train | 91 | |
| Enter build submenu | 29 | |
| Enter hero's abilities submenu | 4 | |
| Remove unit from queue | 1 | |
| Right click | 798 | |
| Select / deselect | 429 | |
| Select group hotkey | 169 | |
| Use ability | 57 | |
1616 total
» units
| Footman | 14 | |
| Peasant | 3 | |
| Priest | 13 | |
| Spell Breaker | 14 | |
| Sorceress | 2 | |
| Rifleman | 14 | |
60 total
» upgrades
| Plating | 3 | |
| Swords | 3 | |
| Lumber Harvesting | 2 | |
| Priest Training | 2 | |
| Sorceress Training | 0 | |
| Control Magic | 1 | |
| Magic Sentry | 1 | |
| Long Rifles | 1 | |
| Gunpowder | 2 | |
15 total
» buildings
| Altar of Kings | 1 | |
| Barracks | 2 | |
| Farm | 13 | |
| Blacksmith | 1 | |
| Scout Tower | 4 | |
| Arcane Vault | 1 | |
| Lumber Mill | 1 | |
| Guard Tower | 2 | |
| Keep | 1 | |
| Castle | 1 | |
| Arcane Sanctum | 2 | |
| Arcane Tower | 2 | |
| Town Hall | 1 | |
32 total
» build order
00:07 Altar of Kings
00:10 Barracks
00:12 Farm
02:40 Farm
03:32 Blacksmith
04:50 Scout Tower
04:51 Scout Tower
05:37 Arcane Vault
06:03 Farm
06:15 Lumber Mill
07:01 Farm
07:58 Guard Tower
09:32 Keep
10:25 Guard Tower
13:41 Castle
13:50 Arcane Sanctum
15:11 Farm
15:17 Farm
17:25 Scout Tower
17:42 Farm
17:43 Farm
20:27 Arcane Tower
20:48 Arcane Sanctum
22:46 Farm
22:47 Farm
24:03 Scout Tower
25:26 Arcane Tower
25:59 Farm
26:00 Farm
28:23 Town Hall
35:54 Farm
36:41 Barracks
» items
team 2 (winner)
BetUWishUNoSrch (
yellow | 109 APM | 4268 actions | 39:13)
5 Archmage
3 Blizzard
2 Brilliance Aura
3 Blood Mage
2 Flame Strike
1 Siphon Mana
3 Pandaren Brewmaster
2 Breath of Fire
1 Drunken Haze
1 Shadow Hunter
1 Hex
» actions
| Assign group hotkey | 5 | |
| Basic commands | 45 | |
| Build / train | 81 | |
| ESC pressed | 3 | |
| Enter build submenu | 44 | |
| Enter hero's abilities submenu | 12 | |
| Give item / drop item | 3 | |
| Right click | 2249 | |
| Select / deselect | 220 | |
| Select group hotkey | 1374 | |
| Use ability | 228 | |
4268 total
» units
» upgrades
» buildings
| Lumber Mill | 1 | |
| Farm | 2 | |
| Altar of Kings | 1 | |
| Scout Tower | 45 | |
| Arcane Tower | 2 | |
| Guard Tower | 26 | |
| Town Hall | 1 | |
| Keep | 1 | |
| Arcane Vault | 2 | |
| Castle | 1 | |
| Arcane Sanctum | 1 | |
83 total
» build order
00:17 Lumber Mill
00:23 Farm
00:59 Altar of Kings
01:03 Scout Tower
01:05 Scout Tower
01:29 Arcane Tower
01:30 Arcane Tower
01:52 Guard Tower
01:52 Guard Tower
01:52 Guard Tower
01:52 Guard Tower
01:54 Scout Tower
01:55 Scout Tower
02:06 Scout Tower
02:23 Guard Tower
02:27 Guard Tower
02:28 Guard Tower
02:28 Guard Tower
02:34 Scout Tower
02:47 Guard Tower
03:01 Farm
03:14 Guard Tower
03:16 Scout Tower
03:18 Scout Tower
04:35 Guard Tower
04:37 Scout Tower
04:38 Scout Tower
04:39 Scout Tower
05:05 Guard Tower
05:14 Guard Tower
05:24 Scout Tower
05:24 Scout Tower
05:48 Scout Tower
05:49 Scout Tower
06:00 Guard Tower
06:03 Town Hall
06:34 Guard Tower
06:36 Scout Tower
06:37 Scout Tower
06:53 Guard Tower
07:26 Guard Tower
07:30 Scout Tower
07:33 Scout Tower
08:09 Guard Tower
08:11 Scout Tower
08:12 Keep
08:16 Scout Tower
08:45 Guard Tower
08:48 Scout Tower
08:51 Scout Tower
08:51 Scout Tower
08:52 Scout Tower
09:36 Guard Tower
09:49 Guard Tower
09:53 Arcane Vault
09:54 Arcane Vault
10:50 Castle
10:53 Scout Tower
10:54 Scout Tower
10:54 Scout Tower
10:55 Scout Tower
10:56 Scout Tower
10:56 Scout Tower
11:22 Scout Tower
11:23 Scout Tower
11:23 Scout Tower
11:24 Scout Tower
11:24 Scout Tower
11:25 Scout Tower
11:32 Guard Tower
12:51 Guard Tower
12:55 Scout Tower
12:55 Scout Tower
12:57 Scout Tower
12:57 Scout Tower
13:04 Arcane Sanctum
13:07 Guard Tower
13:08 Scout Tower
13:09 Scout Tower
13:09 Scout Tower
13:10 Scout Tower
14:23 Guard Tower
19:27 Guard Tower
» items
| Staff of Teleportation | 3 | |
| Boots of Speed | 4 | |
| Healing Salve | 1 | |
| Lesser Clarity Potion | 1 | |
| Orb of Lightning | 3 | |
| Staff of Sanctuary | 3 | |
15 total
Birdeneering (
purple | 109 APM | 4281 actions | 39:13)
5 Blademaster
3 Wind Walk
2 Critical Strike
1 Shadow Hunter
1 Healing Wave
1 Goblin Alchemist
1 Healing Spray
» actions
| Assign group hotkey | 390 | |
| Basic commands | 44 | |
| Build / train | 51 | |
| Enter build submenu | 20 | |
| Enter hero's abilities submenu | 7 | |
| Give item / drop item | 5 | |
| Right click | 2798 | |
| Select / deselect | 291 | |
| Select group hotkey | 555 | |
| Use ability | 120 | |
4281 total
» units
| Peon | 13 | |
| Troll Batrider | 4 | |
| Kodo Beast | 6 | |
| Spirit Walker | 3 | |
26 total
» upgrades
| Ranged Weapons | 2 | |
| Armor | 2 | |
| War Drums Damage Increase | 1 | |
| Liquid Fire | 1 | |
| Spirit Walker Training | 1 | |
7 total
» buildings
| Altar of Storms | 1 | |
| Orc Burrow | 5 | |
| Voodoo Lounge | 6 | |
| War Mill | 1 | |
| Stronghold | 1 | |
| Fortress | 1 | |
| Beastiary | 2 | |
| Barracks | 1 | |
| Spirit Lodge | 1 | |
19 total
» build order
00:05 Altar of Storms
00:21 Orc Burrow
01:06 Orc Burrow
01:15 Orc Burrow
01:53 Voodoo Lounge
02:07 Voodoo Lounge
02:58 War Mill
05:00 Stronghold
05:36 Voodoo Lounge
06:07 Voodoo Lounge
07:25 Fortress
07:32 Beastiary
07:34 Beastiary
07:38 Voodoo Lounge
07:39 Orc Burrow
10:35 Voodoo Lounge
13:07 Orc Burrow
14:12 Barracks
19:02 Spirit Lodge
» items
| Circlet of Nobility | 1 | |
| Healing Salve | 2 | |
| Lesser Clarity Potion | 1 | |
| Orb of Lightning | 1 | |
| Staff of Preservation | 1 | |
6 total
MsY]DOGANDHORSE (
orange | 115 APM | 4520 actions | 39:13)
4 Archmage
2 Blizzard
2 Brilliance Aura
4 Pandaren Brewmaster
2 Breath of Fire
2 Drunken Haze
3 Goblin Tinker
2 Cluster Rockets
1 Engineering Upgrade
» actions
| Assign group hotkey | 11 | |
| Basic commands | 8 | |
| Build / train | 125 | |
| Enter build submenu | 61 | |
| Enter hero's abilities submenu | 11 | |
| Give item / drop item | 7 | |
| Remove unit from queue | 10 | |
| Right click | 2899 | |
| Select / deselect | 538 | |
| Select group hotkey | 400 | |
| Use ability | 450 | |
4520 total
» units
| Peasant | 14 | |
| Sorceress | -3 | |
| Priest | 1 | |
| Flying Machine | 9 | |
21 total
» upgrades
| Masonry | 3 | |
| Magic Sentry | 1 | |
| Sorceress Training | 2 | |
| Priest Training | 2 | |
| Flak Cannons | 2 | |
| Gunpowder | 2 | |
| Plating | 2 | |
14 total
» buildings
| Lumber Mill | 2 | |
| Farm | 6 | |
| Scout Tower | 77 | |
| Altar of Kings | 1 | |
| Arcane Tower | 2 | |
| Guard Tower | 34 | |
| Keep | 1 | |
| Town Hall | 2 | |
| Arcane Sanctum | 1 | |
| Castle | 4 | |
| Arcane Vault | 2 | |
| Gryphon Aviary | 4 | |
| Blacksmith | 1 | |
| Workshop | 1 | |
138 total
» build order
00:20 Lumber Mill
00:25 Lumber Mill
01:08 Farm
01:10 Farm
01:35 Scout Tower
01:38 Scout Tower
01:41 Altar of Kings
02:03 Arcane Tower
02:42 Guard Tower
02:42 Guard Tower
02:42 Guard Tower
02:42 Guard Tower
02:52 Scout Tower
02:55 Scout Tower
03:01 Scout Tower
03:24 Guard Tower
03:24 Guard Tower
03:25 Guard Tower
03:26 Scout Tower
03:27 Scout Tower
03:32 Scout Tower
03:33 Guard Tower
03:34 Guard Tower
03:34 Guard Tower
04:34 Guard Tower
04:36 Scout Tower
04:36 Scout Tower
05:04 Guard Tower
05:04 Guard Tower
05:10 Keep
05:20 Scout Tower
05:21 Scout Tower
05:24 Scout Tower
05:29 Farm
05:30 Scout Tower
05:31 Scout Tower
05:32 Scout Tower
05:34 Scout Tower
05:54 Guard Tower
05:57 Scout Tower
05:58 Scout Tower
06:29 Guard Tower
06:31 Guard Tower
06:33 Scout Tower
06:34 Scout Tower
06:35 Scout Tower
06:53 Arcane Tower
06:59 Scout Tower
07:00 Scout Tower
07:00 Scout Tower
07:01 Scout Tower
07:02 Scout Tower
07:02 Scout Tower
07:03 Scout Tower
07:03 Scout Tower
07:04 Guard Tower
07:29 Guard Tower
07:51 Guard Tower
08:15 Guard Tower
08:25 Town Hall
08:32 Guard Tower
09:34 Arcane Sanctum
09:36 Guard Tower
09:38 Scout Tower
09:39 Scout Tower
09:40 Scout Tower
09:41 Scout Tower
09:41 Scout Tower
09:42 Scout Tower
10:01 Castle
10:01 Castle
10:01 Castle
10:45 Guard Tower
10:46 Guard Tower
12:36 Guard Tower
12:42 Scout Tower
12:43 Scout Tower
12:44 Scout Tower
12:48 Arcane Vault
12:49 Arcane Vault
15:01 Guard Tower
15:08 Scout Tower
15:09 Scout Tower
15:10 Scout Tower
15:11 Scout Tower
15:12 Scout Tower
15:14 Scout Tower
16:07 Scout Tower
16:08 Scout Tower
16:09 Scout Tower
16:09 Scout Tower
16:10 Scout Tower
16:11 Scout Tower
16:12 Scout Tower
16:12 Scout Tower
16:57 Guard Tower
16:59 Scout Tower
16:59 Scout Tower
17:00 Scout Tower
17:01 Scout Tower
17:58 Guard Tower
18:32 Scout Tower
18:33 Scout Tower
18:34 Scout Tower
18:34 Scout Tower
18:35 Scout Tower
18:35 Scout Tower
18:36 Scout Tower
18:37 Scout Tower
20:03 Guard Tower
21:14 Farm
21:15 Farm
21:16 Farm
21:18 Guard Tower
21:24 Scout Tower
21:26 Scout Tower
21:27 Scout Tower
21:28 Scout Tower
21:29 Scout Tower
21:30 Scout Tower
21:31 Scout Tower
21:32 Scout Tower
22:30 Gryphon Aviary
22:31 Gryphon Aviary
22:31 Gryphon Aviary
22:32 Gryphon Aviary
26:03 Scout Tower
26:03 Scout Tower
26:04 Scout Tower
26:04 Scout Tower
28:06 Blacksmith
28:08 Guard Tower
28:33 Workshop
29:02 Town Hall
31:23 Guard Tower
» items
| Healing Salve | 6 | |
| Boots of Speed | 4 | |
| Staff of Teleportation | 4 | |
| Orb of Lightning | 2 | |
| Lesser Clarity Potion | 1 | |
| Staff of Sanctuary | 3 | |
20 total
TEK9 (
blue | 114 APM | 4470 actions | 39:13)
4 Pandaren Brewmaster
2 Breath of Fire
1 Drunken Haze
1 Drunken Brawler
3 Keeper of the Grove
2 Entangling Roots
1 Thorns Aura
2 Goblin Tinker
1 Cluster Rockets
1 Engineering Upgrade
» actions
| Assign group hotkey | 7 | |
| Basic commands | 63 | |
| Build / train | 64 | |
| ESC pressed | 2 | |
| Enter build submenu | 37 | |
| Enter hero's abilities submenu | 13 | |
| Give item / drop item | 11 | |
| Right click | 2670 | |
| Select / deselect | 460 | |
| Select group hotkey | 912 | |
| Use ability | 228 | |
4470 total
» units
» upgrades
| Well Spring | 1 | |
| Nature's Blessing | 1 | |
2 total
» buildings
| Altar of Elders | 1 | |
| Moon Well | 33 | |
| Tree of Ages | 1 | |
| Tree of Life | 2 | |
| Ancient of Wonders | 1 | |
| Tree of Eternity | 2 | |
| Hunter's Hall | 1 | |
| Ancient of War | 2 | |
| Ancient Protector | 1 | |
44 total
» build order
00:08 Altar of Elders
00:19 Moon Well
01:19 Moon Well
05:18 Moon Well
05:20 Moon Well
06:55 Moon Well
06:56 Moon Well
07:04 Moon Well
07:05 Moon Well
07:24 Moon Well
08:14 Moon Well
08:14 Moon Well
08:58 Tree of Ages
10:31 Moon Well
10:33 Moon Well
10:34 Moon Well
10:35 Moon Well
10:35 Moon Well
12:50 Tree of Life
13:53 Ancient of Wonders
14:00 Tree of Eternity
14:00 Tree of Eternity
14:16 Moon Well
14:17 Moon Well
15:23 Moon Well
16:21 Moon Well
18:34 Moon Well
18:38 Hunter's Hall
19:33 Tree of Life
19:40 Ancient of War
19:43 Ancient of War
33:08 Moon Well
35:07 Ancient Protector
35:41 Moon Well
35:45 Moon Well
36:38 Moon Well
36:38 Moon Well
36:39 Moon Well
36:40 Moon Well
36:42 Moon Well
36:43 Moon Well
36:43 Moon Well
36:44 Moon Well
38:38 Moon Well
» items
| Healing Salve | 2 | |
| Lesser Clarity Potion | 2 | |
| Orb of Lightning | 2 | |
| Boots of Speed | 5 | |
| Staff of Teleportation | 7 | |
| Periapt of Vitality | 3 | |
21 total
Chat log
(08:51 / Allies) MsY]DOGANDHORSE: lum
(21:36 / All) MsY]DOGANDHORSE: 1 SEC
(21:38 / All) Hamster412: idd
(21:41 / All) MsY]DOGANDHORSE: hey
(21:43 / All) BetUWishUNoSrch: Scottey....wtf
(21:43 / All) MsY]DOGANDHORSE: fuck!
(21:45 / All) Birdeneering: !
(21:47 / All) MsY]DOGANDHORSE: fuck you, scotty
(21:47 / All) Hamster412: :D
(21:51 / All) BetUWishUNoSrch: scott.....
(21:55 / All) BetUWishUNoSrch: my pizzas
(21:58 / All) Birdeneering: let's fucken play guys!!!
(22:00 / All) MsY]DOGANDHORSE: FUCk scotty
(22:12 / All) CxyRobin: Don't be so mad, Scotty doesn't know.
(22:21 / All) BetUWishUNoSrch: u guys have a scotty in u're group?? one who always fuck it up
(22:27 / All) Hamster412: we have 3
(22:33 / All) CxyRobin: Don't tell Scotty, Scotty doesn't know.
(38:46 / All) BetUWishUNoSrch: cya
(38:49 / All) MsY]DOGANDHORSE: gg
(38:53 / All) Birdeneering: gg
(38:53 / All) MsY]DOGANDHORSE: mata....?
(38:56 / All) CxyRobin: Laters, quite a boring tactic :)
(38:59 / All) MsY]DOGANDHORSE: for u maybe
(39:00 / All) TEK9: :D
(39:02 / All) Birdeneering: did you like
(39:03 / All) Birdeneering: Our prison
(39:04 / All) Birdeneering: top left